 Dungeon Crawl Stone Soup version 0.30-a0-250-g41c1d76940 (webtiles) character file.

Game seed: 14184497482983065653

325 themarg the Fighter (level 6, -4/62 HPs)
             Began as a Minotaur Monk on Oct 12, 2022.
             Slain by an orc warrior
             ... wielding a +0 dire flail
              (13 damage)
             ... on level 5 of the Dungeon.
             The game lasted 00:07:50 (2355 turns).

themarg the Fighter (Minotaur Monk)                 Turns: 2355, Time: 00:07:50

Health: -4/62      AC:  8    Str: 18    XL:     6   Next: 24%
Magic:  5/5        EV:  8    Int:  7    God:
Gold:   156        SH:  0    Dex: 12    Spells: 5/5 levels left

rFire   . . .      SeeInvis .    a - +0 hand axe
rCold   . . .      Faith    .    (no shield)
rNeg    . . .      Spirit   .    i - +0 chain mail
rPois   .          Reflect  .    (helmet restricted)
rElec   .          Harm     .    (no cloak)
rCorr   .          Rampage  .    (no gloves)
Will    .....                    (no boots)
Stlth   ..........               (no amulet)
HPRegen 0.30/turn                (no ring)
MPRegen 0.09/turn                (no ring)

@: no status effects
A: horns 2, retaliatory headbutt
a: no special abilities


You were on level 5 of the Dungeon.
You visited 1 branch of the dungeon, and saw 5 of its levels.

You collected 156 gold pieces.

Inventory:

Hand Weapons
 a - a +0 hand axe (weapon)
Missiles
 b - 30 stones
 d - 8 javelins (quivered)
 g - 4 poisoned darts
 n - 2 boomerangs
Armour
 c - a +0 buckler
 i - a +0 chain mail (worn)
Jewellery
 o - the ring "Lusuvauh" {Ice rElec Str+8 Int-2}
   (You found it on level 3 of the Dungeon)

   [ring of ice]

   It enhances your ice magic.
   Str:       It affects your strength (+8).
   Int:       It affects your intelligence (-2).
   rF:        It makes you vulnerable to fire.
   rC:        It protects you from cold.
   rElec:     It insulates you from electricity.
Scrolls
 f - a scroll of immolation {unknown}
 h - 4 scrolls of teleportation {unknown}
 j - a scroll of enchant weapon {unknown}
 k - a scroll of butterflies
 l - a scroll of vulnerability {unknown}
 p - a scroll of torment {unknown}


   Skills:
 + Level 8.5 Fighting
 - Level 3.6 Axes
 - Level 3.2 Dodging
 - Level 1.5 Stealth


You had 5 spell levels left.
You didn't know any spells.
Your spell library contained the following spells:

 Spells                   Type           Power      Damage    Failure   Level
 Magic Dart               Conj           0%         1d3       100%        1
 Searing Ray              Conj           0%         2d4       100%        2
 Ozocubu's Armour         Ice            0%         N/A       100%        3
 Fulminant Prism          Conj/Hex       0%         3d6       100%        4
 Ozocubu's Refrigeration  Ice            0%         4d7       100%        7


Dungeon Overview and Level Annotations

Branches:
Dungeon (5/15)
 Temple: D:4-7

Altars:

Shops:
D:1 (

Annotations:
D:3 Grinder


Innate Abilities, Weirdness & Mutations

You have a pair of horns on your head.
You reflexively headbutt those who attack you in melee.


Message History

The black bear goes berserk!
You slash the black bear!
You kill the black bear!
Your Fighting skill increases to level 8!
You have reached level 6!
You start resting.
An orc warrior comes into view. It is wielding a +0 dire flail.
An orc comes into view. It is wielding a +0 club.
An orc comes into view. It is wielding a +0 short sword.
The orc warrior shouts!
The orc shouts!
There is a stone staircase leading up here.
You hit the orc warrior but do no damage.
The orc warrior hits you with a +0 dire flail.
You hit the orc warrior but do no damage.
Your headbutt misses the orc warrior.
The orc warrior hits you with a +0 dire flail!
You hit the orc warrior but do no damage.
You barely miss the orc.
The orc warrior hits you with a +0 dire flail!!
The orc hits you but does no damage.
You closely miss the orc warrior. Your headbutt misses the orc warrior.
You closely miss the orc. The orc hits you but does no damage.
The orc warrior hits you with a +0 dire flail.
* * * LOW HITPOINT WARNING * * *
You hit the orc warrior but do no damage.
You hit the orc. You barely miss the orc. The orc hits you but does no damage.
The orc closely misses you. You furiously retaliate!
You headbutt the orc.
You kill the orc!
The orc warrior closely misses you. You furiously retaliate!
You headbutt the orc warrior, but do no damage.
You hit the orc warrior but do no damage.
You hit the orc. The orc barely misses you.
The orc warrior hits you with a +0 dire flail!
* * * LOW HITPOINT WARNING * * *
You hit the orc warrior.
The orc warrior is moderately wounded.
You closely miss the orc. The orc hits you but does no damage.
The orc warrior hits you with a +0 dire flail!
You die...

#.......##....#
#..o.....+....#
#........#....#
#........#....#
#....#.#.#.#..#
#..##.........#
#....#.#.#.#..#
#....oo)......#
#....#@#.#.####
#...........#
##...#.#.#.##
###.....###
#######


You could see an orc warrior and an orc.

Vanquished Creatures
  A black bear (D:5)
  A hound (D:5)
  Jessica (D:3)
  An iguana (D:4)
  2 orc wizards (D:4)
  3 adders
  2 worms (D:2)
  2 dart slugs
  5 orcs
  6 endoplasms
  7 goblins
  7 hobgoblins
  5 jackals
  4 quokkas
  4 ball pythons
  5 bats
  3 frilled lizards
  6 kobolds
  A rat (D:1)
66 creatures vanquished.

Notes
Turn   | Place    | Note
-------+----------+-------------------------------------------
     0 | D:1      | themarg the Minotaur Monk began the quest for the Orb.
     0 | D:1      | Reached XP level 1. HP: 19/19 MP: 0/0
   112 | D:1      | Reached skill level 4 in Fighting
   144 | D:1      | You fall into a shaft and drop 1 floor!
   155 | D:2      | Reached XP level 2. HP: 28/28 MP: 1/1
   430 | D:1      | Reached skill level 5 in Fighting
   450 | D:1      | Reached XP level 3. HP: 27/36 MP: 2/2
   534 | D:1      | Found Sulogogh's Weapon Emporium.
   965 | D:2      | Identified the +1 leather armour of Fedhas's Supremacy
                  | {rElec rPois rC++ Slay-5}
  1269 | D:2      | Found a faded altar of an unknown god.
  1366 | D:3      | Noticed Jessica
  1371 | D:3      | Killed Jessica
  1372 | D:3      | Reached skill level 6 in Fighting
  1372 | D:3      | Reached XP level 4. HP: 43/44 MP: 3/3
  1490 | D:3      | Identified the ring "Lusuvauh" {Ice rElec Str+8 Int-2}
  1736 | D:3      | Noticed Grinder
  1751 | D:3      | Paralysed by Grinder for 2 turns
  2003 | D:3      | Paralysed by Grinder for 5 turns
  2191 | D:4      | Reached skill level 7 in Fighting
  2191 | D:4      | Reached XP level 5. HP: 49/52 MP: 4/4
  2240 | D:4      | Noticed an ogre
  2286 | D:5      | Entered Level 5 of the Dungeon
  2305 | D:5      | Noticed a black bear
  2319 | D:5      | Killed a black bear
  2320 | D:5      | Reached skill level 8 in Fighting
  2320 | D:5      | Reached XP level 6. HP: 45/62 MP: 5/5
  2342 | D:5      | Noticed an orc warrior
  2355 | D:5      | Slain by an orc warrior

Illustrated notes

Levels and vault maps discovered:
D:1:      shiori_arrival_oz, layout_loops_cross, serial_shops,
          nicolae_shop_hallway_stairs
D:2:      layout_rooms, hellmonk_ecumenical_altar_leap_of_faith
D:3:      layout_basic, nicolae_ru_the_path_less_chosen, uniq_grinder,
          uniq_jessica
D:4:      layout_loops_cross, minmay_close_crescents
D:5:      layout_gridville, nicolae_overflow_crystal_walls,
          grunt_decor_junction, st_stairs_8,
          nicolae_concentric_dashed_squares_wild, uniq_prince_ribbit1,
          uniq_blork_the_orc, uniq_ijyb

Skill      XL: |  1  2  3  4  5 |
---------------+----------------+-----
Fighting       | 4 5 6 7 8 |  8.5
Axes           | |  3.6
Dodging        | |  3.2
Stealth        | |  1.5

Action                   |  1- 3 |  4- 6 || total
-------------------------+-------+-------++-------
Melee: Hand axe          |   101 |    76 ||   177
       Headbutt          |    14 |    10 ||    24
       Punch             |       |     1 ||     1
  Use: Potion            |       |     3 ||     3
       Scroll            |       |     2 ||     2
 Stab: Sleeping          |     1 |       ||     1
Armor: Leather armour    |    17 |       ||    17
       Robe              |     1 |       ||     1
       Chain mail        |    31 |    51 ||    82
Dodge: Dodged            |    54 |    32 ||    86

Table legend: (Time is in decaauts)
 A = Elapsed time spent in this place.
 B = Non-inter-level travel time spent in this place.
 C = Inter-level travel time spent in this place.
 D = Time resting spent in this place.
 E = Time spent auto-exploring this place.
 F = Levels seen in this place.
 G = Mean time per level.
                   A        B        C        D        E       F      G
               +--------+--------+--------+--------+--------+-----+--------+
         Total |   2357 |   2270 |     87 |    307 |   1349 |   5 |  471.4 |
       Dungeon |   2357 |   2270 |     87 |    307 |   1349 |   5 |  471.4 |
               +--------+--------+--------+--------+--------+-----+--------+

Top non-repeatable levels by time:
     D:2: 756 daAuts
     D:1: 742 daAuts
     D:3: 521 daAuts
     D:4: 266 daAuts
     D:5: 70 daAuts
